 Dungeon Crawl Stone Soup version 0.28-a0-1236-gb25a51b929 (webtiles) character file.

Game seed: 6415360863146777388

21116 spiderkeys the Fighter (level 12, -23/68 HPs)
             Began as a Vine Stalker Abyssal Knight on Dec 26, 2021.
             Was a High Priest of Lugonu.
             Annihilated by Donald (25 damage)
             ... on level 1 of the Orcish Mines.
             The game lasted 00:34:58 (13317 turns).

spiderkeys the Fighter (VSAK)                      Turns: 13317, Time: 00:34:59

Health: -23/68     AC: 18    Str: 21    XL:     12   Next: 86%
Magic:  0/19       EV: 12    Int: 10    God:    Lugonu [*****.]
Gold:   7          SH:  5    Dex: 15    Spells: 10/11 levels left

rFire   + + .      SeeInvis .   h - +10 long sword of the Salmon {pain, rElec}
rCold   x . .      Faith    .   d - +0 buckler
rNeg    . . .      Spirit   +   y - +1 chain mail "Reboy" {rF+ Stlth+}
rPois   .          Reflect  .   o - +2 helmet
rElec   +          Harm     .   w - +0 cloak
rCorr   .          Rampage  .   (no gloves)
Will    +....                   i - +0 pair of boots
Stlth   ..........              (no amulet)
HPRegen 1.01/turn               F - ring of fire
MPRegen 0.16/turn               E - +4 ring of evasion

@: no status effects
A: fangs 3, regeneration 1, magic shield, antimagic bite, no potion heal 2
a: Renounce Religion, Depart the Abyss, Bend Space, Banish, Corrupt, Enter the
Abyss


You were on level 1 of the Orcish Mines.
You worshipped Lugonu.
Lugonu was extremely pleased with you.
You visited 2 branches of the dungeon, and saw 15 of its levels.
You visited the Abyss 1 time.
You also visited: Sewer.

You collected 1170 gold pieces.
You spent 1163 gold pieces at shops.


Innate Abilities, Weirdness & Mutations

You have razor-sharp teeth.
Your natural rate of healing is unusually fast.
When hurt, damage is shared between your health and your magic reserves.
Your bite disrupts and absorbs the magic of your enemies.
Potions cannot restore your health.


   Skills:
 + Level 10.4 Fighting
 - Level 2.2(6.6) Short Blades
 + Level 9.9(10.0) Long Blades
 + Level 9.3 Armour
 - Level 0.7 Dodging
 - Level 4.0 Shields
 - Level 9.0 Invocations


You had 10 spell levels left.
You knew the following spells:

 Your Spells              Type           Power      Damage    Failure   Level
a - Apportation           Tloc           0%         N/A       95%         1

Your spell library contained the following spells:

 Spells                   Type           Power      Damage    Failure   Level
 Animate Skeleton         Necr           0%         N/A       95%         1
 Foxfire                  Conj/Fire      0%         2x1d4     95%         1
 Freeze                   Ice            0%         1d3       95%         1
 Magic Dart               Conj           0%         1d3       95%         1
 Sandblast                Erth           0%         2d4       95%         1
 Slow                     Hex            0%         N/A       95%         1
 Summon Small Mammal      Summ           0%         N/A       95%         1
 Passwall                 Tmut/Erth      0%         N/A       98%         2
 Searing Ray              Conj           0%         2d4       98%         2
 Static Discharge         Conj/Air       0%         N/A       98%         2
 Call Canine Familiar     Summ           0%         N/A       100%        3
 Confusing Touch          Hex            0%         N/A       100%        3
 Conjure Flame            Conj/Fire      0%         6-21      100%        3
 Frozen Ramparts          Ice            0%         1d2       100%        3
 Ignite Poison            Fire/Tmut/Pois 0%         N/A       100%        3
 Inner Flame              Hex/Fire       0%         N/A       100%        3
 Mephitic Cloud           Conj/Pois/Air  0%         N/A       100%        3
 Stone Arrow              Conj/Erth      0%         3d7       100%        3
 Summon Guardian Golem    Hex/Summ       0%         N/A       100%        3
 Flame Wave               Conj/Fire      0%         2d4       100%        4
 Fulminant Prism          Conj/Hex       0%         3d6       100%        4
 Ice Form                 Ice/Tmut       0%         N/A       100%        4
 Summon Ice Beast         Ice/Summ       0%         N/A       100%        4
 Freezing Cloud           Conj/Ice/Air   0%         6-21      100%        5
 Lightning Bolt           Conj/Air       0%         1d11      100%        5
 Yara's Violent Unravell  Hex/Tmut       0%         3d3       100%        5
 Dispersal                Tloc           0%         N/A       100%        6
 Disjunction              Tloc           0%         N/A       100%        8
 Maxwell's Capacitive Co  Air            0%         โˆž       100%        8

Inventory:

Hand Weapons
 g - a +3 falchion of electrocution
   (You found it on level 1 of the Dungeon)
 h - the +10 long sword of the Salmon (weapon) {pain, rElec}
   (You bought it in a shop on level 1 of the Orcish Mines)

   In the hands of one skilled in necromantic magic, it inflicts extra damage on
   living creatures.
   rElec:     It insulates you from electricity.
 j - a +2 dagger of venom
   (You took it off a kobold in a sewer)
 q - a +2 dagger of flaming
   (You took it off Jessica on level 2 of the Dungeon)
 K - the +10 great sword "spiderkeys's Doom" {vamp, *Noise rPois MP+9 Stlth-}
   (You found it on level 10 of the Dungeon)

   It occasionally heals its wielder for a portion of the damage dealt when it
   wounds a living foe.
   rPois:     It protects you from poison.
   MP:        It affects your magic capacity (+9).
   *Noise:    It may make noises in combat.
   Stlth:     It makes you less stealthy.
Missiles
 a - 8 boomerangs
 l - 7 stones
 m - 20 arrows
 p - 4 javelins
 x - 2 curare-tipped darts {=f}
 R - 49 poisoned darts
 Z - 2 atropa-tipped darts
Armour
 d - a +0 buckler (worn)
   (You found it on level 1 of the Abyss)
 i - a +0 pair of boots (worn)
   (You found it on level 1 of the Dungeon)
 k - a +1 tower shield
   (You found it on level 1 of the Orcish Mines)
 o - a +2 helmet (worn)
   (You took it off Robin on level 2 of the Dungeon)
 w - a +0 cloak (worn)
   (You took it off Maurice on level 8 of the Dungeon)
 y - the +1 chain mail "Reboy" (worn) {rF+ Stlth+}
   (You took it off a gnoll on level 7 of the Dungeon)

   rF:        It protects you from fire.
   Stlth:     It makes you more stealthy.
Jewellery
 s - a +6 ring of strength
   (You found it on level 11 of the Dungeon)
 C - a ring of protection from cold
   (You found it on level 1 of the Abyss)
 E - a +4 ring of evasion (right hand)
   (You found it on level 4 of the Dungeon)
 F - a ring of fire (left hand)
   (You found it on level 2 of the Dungeon)
 L - a ring of flight
   (You found it on level 5 of the Dungeon)
Wands
 c - a wand of flame (3)
   (You found it on level 12 of the Dungeon)
 f - a wand of polymorph (6)
   (You took it off Maurice on level 8 of the Dungeon)
 Q - a wand of digging (7)
   (You found it on level 10 of the Dungeon)
Scrolls
 n - 4 scrolls of teleportation {@r4}
 A - 3 scrolls of silence {!r}
 G - a scroll of magic mapping {!r}
 M - a scroll of fog
 N - 2 scrolls of amnesia
 T - a scroll of torment {!r}
 U - a scroll of vulnerability {!r!r}
 X - 3 scrolls of enchant weapon
Potions
 b - 2 potions of might
 e - a potion of attraction {unknown}
 r - 3 potions of haste {unknown}
 t - 4 potions of brilliance {unknown}
 u - a potion of cancellation {unknown}
 v - 6 potions of curing {@q1}
 z - 3 potions of mutation {unknown}
 H - a potion of degeneration {unknown}
 J - a potion of flight
 O - a potion of berserk rage {unknown}
 P - a potion of magic {unknown}

Dungeon Overview and Level Annotations

Branches:
Dungeon (13/15)            Temple (0/1) D:7            Lair (0/6) D:10
    Orc (2/2) D:10         Vaults (0/5) D:13          Sewer (visited)
    Elf: Orc:2

Altars:
Kikubaaqudgha
Ru
Uskayaw
Vehumet
Wu Jian
Yredelemnul
Zin
The Shining One

Shops:
D:3 :   D:7 :   D:9 [   Orc:1 *

Portals:
Abyss: Orc:1
Trove: D:12 (give +3 shadow dragon scales)

Annotations:
D:7 3 runed translucent doors, enile's ghost, novice DjGl
Orc:1 2 transporters, corrupted, Donald
Abyss:1 Azrael; Josephine

#....................##
##......#............#
##.##.#.#...........##
##.#................#
##................)..##
##.................[)).#
#..................)..##
##........โˆฉ.....#.....#
##..........ยง.@.####...##
#.............@..###....#
##.............ยง..#....##
##.....................#
##.....#.....#........#
####.##.....##.#....##
##.#.#.#...#.##..##
#.....#...#...#...#
##...##.......##.##


You could see Donald (fast, strong).


Message History

Okay, then.
Aiming: Polymorph
Press: ? - help, Shift-Dir - straight line, f/p - Donald
Aim: Donald, wielding a +0 double sword, wearing a +0 chain mail and wearing a +0 kite shield of reflection (lightly wounded, fast, very poisoned, slow, will become an ice dragon, a spark wasp, or an anaconda, chance to affect: 1%)
Okay, then.
Okay, then.
Aiming: Throw Flame
Press: ? - help, Shift-Dir - straight line, f/p - Donald
Aim: Donald, wielding a +0 double sword, wearing a +0 chain mail and wearing a +0 kite shield of reflection (lightly wounded, fast, very poisoned, slow, 81% to hit)
Donald reflects the puff of flame off his +0 kite shield of reflection!
The puff of flame misses you.
Okay, then.
Throw: 3 darts (curare) {=f}
Press: ? - help, Shift-Dir - straight line, f/p - Donald
Aim: Donald, wielding a +0 double sword, wearing a +0 chain mail and wearing a +0 kite shield of reflection (lightly wounded, fast, very poisoned, slow, 74% to hit)
You throw a curare-tipped dart {=f}.
Donald reflects the curare-tipped dart {=f} off his +0 kite shield of reflection!
The curare-tipped dart {=f} hits you.
You are poisoned.
You have difficulty breathing.
You feel yourself slow down.
You feel very sick. ๐Ÿ˜• HP[-4] MP[-1]
You take 4 damage, and now have 64/68 hp.
You lost 1 mp, and now have 14/19 mp.
You feel very sick. Donald hits you but does no damage.
Donald hits you with a +0 double sword!
You climb upwards.
Level annotation: 2 transporters, corrupted You feel very sick.
There is a stone staircase leading down here. ๐Ÿ˜• HP[-12] MP[-2]
You take 12 damage, and now have 52/68 hp.
You lost 2 mp, and now have 12/19 mp.
Donald blocks your attack. x2; You feel sick.
Donald hits you with a +0 double sword. ๐Ÿ˜ฎ HP[-4] MP[-1]
You take 4 damage, and now have 48/68 hp.
You lost 1 mp, and now have 11/19 mp.
You closely miss Donald. You bite Donald, but do no damage.
You feel sick.
Donald is no longer moving slowly.
Donald hits you with a +0 double sword! x2
* * * LOW HITPOINT WARNING * * *
๐Ÿ˜จ HP[-18] MP[-5]
You take 18 damage, and now have 30/68 hp.
MASSIVE DAMAGE!! (PAUSE)
You lost 5 mp, and now have 6/19 mp.
Space bends sharply around you!
You blink.
You feel sick. ๐Ÿ˜จ HP[-2] MP[-1]
You take 2 damage, and now have 28/68 hp.
You lost 1 mp, and now have 5/19 mp.
Unknown command.
Unknown command.
Okay, then.
Press: ? - help, v - describe, . - travel
Here: Donald, wielding a +0 double sword, wearing a +0 chain mail and wearing a +0 kite shield of reflection (lightly wounded, fast, poisoned)
The floor.
Space bends sharply around you!
You blink.
You feel sick.
You are no longer poisoned.
Donald says, "Nothing ever attacks me when I'm in the Abyss."
You block Donald's attack. ๐Ÿ˜จ HP[-1]
You take 1 damage, and now have 27/68 hp.
Unknown command.
Space bends around you!
You blink. ๐Ÿ˜จ HP[-1] MP[-1]
You take 1 damage, and now have 26/68 hp.
You lost 1 mp, and now have 4/19 mp.
Donald casts a spell.
Donald seems to grow stronger. ๐Ÿ˜จ HP[+2]
You regained 2 hp, and now have 28/68 hp. ๐Ÿ˜จ HP[+1] Space bends sharply around you!
You blink.
Unknown command.
Donald looks more healthy. ๐Ÿ˜จ HP[+1] Donald hits you but does no damage.
There is a stone staircase leading down, spattered with blood here. ๐Ÿ˜จ HP[+2]
You regained 2 hp, and now have 32/68 hp.
Space bends around you!
You blink.
You feel yourself speed up. ๐Ÿ˜จ HP[-1] MP[-1]
You take 1 damage, and now have 31/68 hp.
You lost 1 mp, and now have 3/19 mp.
Space bends sharply around you!
You blink.
Donald says, "I asked for directions to the rune, but they belched at me."
Donald hits you with a +0 double sword!!
* * * LOW HITPOINT WARNING * * *
Donald says, "Nothing ever attacks me when I'm in the Abyss."
Donald hits you with a +0 double sword!!
You die...

Skill      XL: |  1  2  3  4  5  6  7  8  9 10 11 12 |
---------------+-------------------------------------+-----
Short Blades   | 2 |  2.2
Fighting       | 3 4 6 7 8 9 10 | 10.4
Armour         | 2 3 5 6 7 8 9 |  9.3
Shields        | 1 2 3 4 |  4.0
Long Blades    | 1 2 3 5 6 7 8 9 |  9.9
Invocations    | 2 4 6 8 9 |  9.0
Dodging        | |  0.7

Action                   |  1- 3 |  4- 6 |  7- 9 | 10-12 || total
-------------------------+-------+-------+-------+-------++-------
Melee: Short sword       |    15 |       |       |       ||    15
       Bite              |    12 |    35 |    97 |   267 ||   411
       Falchion          |    56 |   152 |   322 |   672 ||  1202
       Long sword        |       |       |       |     2 ||     2
Throw: Javelin           |       |     5 |     1 |     1 ||     7
       Dart              |       |       |     7 |     7 ||    14
       Throwing net      |       |       |     1 |       ||     1
Invok: Depart the Abyss  |     1 |       |       |       ||     1
       Bend Space        |       |     2 |     4 |    12 ||    18
       Banish            |       |       |       |     8 ||     8
       Corrupt           |       |       |       |     1 ||     1
Evoke: Wand              |       |       |       |     3 ||     3
  Use: Scroll            |     1 |     2 |     3 |    13 ||    19
       Potion            |       |     2 |     1 |     1 ||     4
Armor: Leather armour    |    29 |    81 |    64 |       ||   174
       Skin              |       |     6 |       |       ||     6
       Ring mail         |       |       |    38 |    10 ||    48
       Chain mail        |       |       |       |   238 ||   238
Dodge: Dodged            |    27 |   109 |   211 |   330 ||   677
Block: Buckler           |     9 |    45 |    79 |   159 ||   292

Levels and vault maps discovered:
D:1:      nagdon_arrival_double_spiral, layout_basic
D:2:      layout_rooms, basic_altar, minmay_cupped, uniq_jessica, uniq_natasha,
          uniq_robin
D:3:      minmay_chambers_of_threes, layout_basic, nzn_wu_jian_contemplation,
          mainiacjoe_overflow_boulevard, serial_shops, nicolae_shop_statue_plus,
          shapermc_ecumenical_altar_rom_forum, portal_sewer_entry_b
D:4:      layout_cave_pools, lemuel_tele_altar
D:5:      layout_loops_ring, grunt_decor_resistance, nicolae_figureground_pulse
D:6:      nicolae_BIG_FREAKIN_CUBE, layout_basic, minmay_misc_feat_diagonals
D:7:      layout_loops_cross, nicolae_tso_swordbearing_angel,
          minmay_temple_entry_glassed_door, serial_shops, shop,
          ebering_ghost_rock_garden
D:8:      layout_gridville, zin_scriptorium, uniq_maurice
D:9:      layout_basic, serial_shops, shop
D:10:     layout_roguey, lemuel_mausoleum_altar_kikubaaqudgha,
          david_lair_generic, orc_0_dummy
D:11:     layout_stronghold, nicolae_ru_sacrificial_ziggurat, uniq_erolcha
D:12:     layout_gridville, nicolae_trove_entry_crystal
D:13:     layout_basic, erik_vaults_1, uniq_jorgrun
Orc:1:    layout_caves, serial_shops, shop, gammafunk_ghost_abyssal_escape
Orc:2:    st_orc_mages, layout_diamond_mine, basic_altar, uniq_josephine,
          uniq_donald, uniq_azrael

Notes
Turn   | Place    | Note
-------+----------+-------------------------------------------
     0 | Abyss:1  | spiderkeys the Vine Stalker Abyssal Knight began the quest
                  | for the Orb.
     0 | Abyss:1  | Reached XP level 1. HP: 11/11 MP: 3/3
     0 | Abyss:1  | magus.rc [v1.9.10]
   114 | Abyss:1  | Found a corrupted altar of Lugonu.
   118 | Abyss:1  | Noticed a thrashing horror
   140 | Abyss:1  | Noticed a small abomination
   146 | Abyss:1  | Noticed a tentacled starspawn
   183 | Abyss:1  | Noticed a death knight
   197 | Abyss:1  | Noticed a small abomination
   204 | Abyss:1  | Noticed a blizzard demon
   205 | Abyss:1  | Noticed a large abomination
   205 | Abyss:1  | Noticed a smoke demon
   226 | Abyss:1  | Noticed a ynoxinul
   228 | Abyss:1  | Noticed a sixfirhy
   239 | Abyss:1  | Noticed a chaos spawn
   243 | D:1      | You pass through the gate.
   243 | D:1      | Escaped the Abyss
   411 | D:1      | Reached * piety under Lugonu
   412 | D:1      | Reached skill level 2 in Short Blades
   412 | D:1      | Reached XP level 2. HP: 12/16 MP: 2/4
   591 | D:1      | You pick up a book of Conjurations and begin reading...
   591 | D:1      | You add the spells Magic Dart, Searing Ray and Fulminant
                  | Prism to your library.
   706 | D:1      | Reached XP level 3. HP: 10/19 MP: 3/5
   711 | D:1      | Reached skill level 3 in Fighting
   945 | D:1      | You pick up a book of Cantrips and begin reading...
   945 | D:1      | You add the spells Animate Skeleton, Summon Small Mammal
                  | and Apportation to your library.
  1023 | D:1      | Reached skill level 2 in Armour
  1046 | D:1      | Reached skill level 1 in Shields
  1198 | D:2      | Found a glowing silver altar of Zin.
  1342 | D:2      | You pick up a book of Rime and begin reading...
  1342 | D:2      | You add the spells Frozen Ramparts, Ice Form and Summon Ice
                  | Beast to your library.
  1414 | D:2      | Learned a level 1 spell: Apportation
  1501 | D:2      | Reached ** piety under Lugonu
  1506 | D:2      | Noticed Natasha
  1511 | D:2      | Killed Natasha
  1512 | D:2      | Reached skill level 1 in Long Blades
  1512 | D:2      | Gained mutation: Your natural rate of healing is unusually
                  | fast. [Vine Stalker growth]
  1512 | D:2      | Reached XP level 4. HP: 16/24 MP: 4/6
  1577 | D:2      | Noticed Natasha
  1581 | D:2      | Killed Natasha
  1582 | D:2      | Reached XP level 5. HP: 23/28 MP: 5/7
  1595 | D:2      | Noticed Natasha
  1598 | D:2      | Killed Natasha
  1638 | D:2      | Noticed Robin
  1663 | D:2      | Killed Robin
  1664 | D:2      | Reached skill level 2 in Shields
  1699 | D:2      | Noticed Jessica
  1706 | D:2      | Killed Jessica
  1778 | D:2      | Reached skill level 2 in Long Blades
  1969 | D:3      | Found a hide-covered altar of Uskayaw.
  2106 | D:3      | Found an ornate altar of the Wu Jian Council.
  2110 | D:3      | Reached XP level 6. HP: 32/33 MP: 8/8
  2110 | D:3      | Found a glowing drain.
  2125 | Sewer    | Entered a sewer
  2152 | Sewer    | Reached *** piety under Lugonu
  2255 | Sewer    | Found an ancient bone altar of Kikubaaqudgha.
  2286 | Sewer    | Reached skill level 3 in Armour
  2338 | Sewer    | HP: 12/49 [poisoned by a kobold]
  2344 | Sewer    | Reached skill level 4 in Fighting
  2439 | Sewer    | Noticed Grinder
  2462 | Sewer    | Killed Grinder
  2463 | Sewer    | Reached skill level 3 in Long Blades
  2463 | Sewer    | Reached skill level 3 in Shields
  2463 | Sewer    | Reached XP level 7. HP: 25/38 MP: 9/9
  2762 | D:3      | Found a faded altar of an unknown god.
  2770 | D:3      | Got Plato's Disquisition on Snow
  3178 | D:3      | Found Loabaoz's Book Shop.
  3410 | D:4      | HP: 6/38 [poisoned by a scorpion]
  3424 | D:4      | Gained mutation: You have razor-sharp teeth. [Vine Stalker
                  | growth]
  3424 | D:4      | Reached XP level 8. HP: 16/42 MP: 5/10
  3502 | D:4      | Reached **** piety under Lugonu
  3531 | D:4      | You add the spells Ignite Poison, Mephitic Cloud and
                  | Freezing Cloud to your library.
  3565 | D:4      | Found a basalt altar of Yredelemnul.
  3583 | D:4      | Reached skill level 4 in Armour
  3649 | D:4      | You pick up a book of Callings and begin reading...
  3649 | D:4      | You add the spells Call Canine Familiar and Summon Guardian
                  | Golem to your library.
  4012 | D:5      | Entered Level 5 of the Dungeon
  4022 | D:5      | Reached skill level 5 in Fighting
  4022 | D:5      | Reached skill level 4 in Shields
  4098 | D:5      | Reached skill level 4 in Long Blades
  4716 | D:6      | Reached skill level 5 in Armour
  4852 | D:6      | Noticed a yak
  4853 | D:6      | Noticed a yak
  4853 | D:6      | Noticed a yak
  4863 | D:6      | Killed a yak
  4864 | D:6      | Reached skill level 6 in Fighting
  4864 | D:6      | Reached skill level 5 in Long Blades
  4864 | D:6      | Reached skill level 2 in Invocations
  4864 | D:6      | Reached XP level 9. HP: 48/48 MP: 11/11
  4878 | D:6      | Reached skill level 3 in Invocations
  5137 | D:6      | You pick up a book of Flames and begin reading...
  5137 | D:6      | You add the spells Foxfire, Conjure Flame, Inner Flame and
                  | Flame Wave to your library.
  5582 | D:7      | Found Toimp's Book Boutique.
  5803 | D:7      | Reached skill level 4 in Invocations
  5833 | D:7      | Identified the +1 chain mail "Reboy" {rF+ Stlth+}
  5898 | D:7      | Found a staircase to the Ecumenical Temple.
  5924 | D:7      | Reached skill level 6 in Long Blades
  5955 | D:7      | Reached skill level 6 in Armour
  6059 | D:7      | Reached skill level 7 in Fighting
  6347 | D:7      | Found a runed translucent gate.
  6348 | D:7      | Found a runed translucent gate.
  6348 | D:7      | Found a runed translucent gate.
  6356 | D:7      | Reached XP level 10. HP: 55/55 MP: 14/14
  6357 | D:7      | Noticed enile's ghost (novice DjGl)
  6384 | D:7      | Found a glowing golden altar of the Shining One.
  6390 | D:7      | Reached ***** piety under Lugonu
  7100 | D:8      | Noticed Maurice
  7111 | D:8      | Killed Maurice
  7112 | D:8      | Reached skill level 5 in Invocations
  7270 | D:8      | Reached skill level 7 in Long Blades
  7429 | D:8      | Found a glowing silver altar of Zin.
  7621 | D:9      | Found Jytz's Armour Boutique.
  7638 | D:9      | Noticed a kobold demonologist
  7706 | D:8      | Reached skill level 6 in Invocations
  7717 | D:9      | Reached skill level 8 in Fighting
  7717 | D:9      | Reached skill level 7 in Armour
  7728 | D:9      | Killed a kobold demonologist
  7810 | D:9      | Reached XP level 11. HP: 58/60 MP: 16/16
  7826 | D:9      | You pick up a book of Lightning and begin reading...
  7826 | D:9      | You add the spells Static Discharge, Lightning Bolt and
                  | Maxwell's Capacitive Coupling to your library.
  7834 | D:9      | You pick up a book of Geomancy and begin reading...
  7834 | D:9      | You add the spells Sandblast, Passwall and Stone Arrow to
                  | your library.
  8176 | D:10     | Entered Level 10 of the Dungeon
  8188 | D:10     | Identified the +10 great sword "spiderkeys's Doom" {vamp,
                  | *Noise rPois MP+9 Stlth-}
  8268 | D:10     | Found a staircase to the Lair.
  8360 | D:10     | Found a staircase to the Orcish Mines.
  8617 | D:10     | Reached skill level 8 in Long Blades
  8617 | D:10     | Reached skill level 7 in Invocations
  8631 | D:10     | Found an ancient bone altar of Kikubaaqudgha.
  8875 | D:10     | You pick up a book of Conjurations and begin reading...
  9054 | D:11     | Noticed Erolcha
  9059 | D:11     | Killed Erolcha
  9151 | D:11     | Reached skill level 9 in Fighting
  9210 | D:11     | Found a sacrificial altar of Ru.
  9230 | D:11     | Noticed a skeletal warrior
  9263 | D:11     | Reached skill level 8 in Armour
  9316 | D:11     | Killed a skeletal warrior
  9398 | D:11     | You pick up a book of Misfortune and begin reading...
  9398 | D:11     | You add the spells Slow, Confusing Touch and Yara's Violent
                  | Unravelling to your library.
  9676 | D:11     | Reached skill level 8 in Invocations
  9964 | D:11     | Noticed a five-headed hydra
  9966 | D:11     | Banished a five-headed hydra
  9967 | D:11     | Reached XP level 12. HP: 67/67 MP: 10/19
 10059 | D:11     | Noticed a death knight
 10064 | D:11     | Banished a death knight
 10102 | D:11     | Reached skill level 9 in Long Blades
 10872 | D:12     | Found a portal to a secret trove of treasure.
 10880 | D:12     | This trove needs +3 shadow dragon scales to function. Give
                  | it the item?
 11136 | D:13     | Found a gate to the Vaults.
 11316 | Orc:1    | Entered Level 1 of the Orcish Mines
 11429 | Orc:2    | Entered Level 2 of the Orcish Mines
 11567 | Orc:1    | Found Hareul's General Store.
 11911 | Orc:1    | Noticed an orc warlord
 11915 | Orc:1    | Noticed a thrashing horror
 11917 | Orc:1    | Noticed a red very ugly thing
 11930 | Orc:1    | Noticed Yqeill's ghost (journeyman DjFE)
 11978 | Orc:1    | Noticed a thrashing horror
 12013 | Orc:1    | Found a transporter.
 12014 | Orc:1    | Found a transporter.
 12184 | Orc:1    | Found a one-way gate to the infinite horrors of the Abyss.
 12190 | Orc:1    | Corrupted Orc:1
 12190 | Orc:1    | Noticed a lich
 12190 | Orc:1    | Noticed a balrug
 12190 | Orc:1    | Noticed a purple draconian shifter
 12191 | Orc:1    | Noticed a tentacled starspawn
 12195 | Orc:1    | Killed a thrashing horror
 12197 | Orc:1    | Noticed a starcursed mass
 12198 | Orc:1    | Noticed a tentacled starspawn
 12199 | Orc:1    | Killed Yqeill's ghost
 12204 | Orc:1    | Killed a red very ugly thing
 12210 | Orc:1    | HP: 16/67 [swamp drake (shapeshifter)][Lugonu's corruption]
                  | (1)]
 12211 | Orc:1    | Killed an orc warlord
 12215 | Orc:1    | Killed a thrashing horror
 12281 | Orc:1    | a +0 eveningstar of distortion {rare}; a +2 chain mail; a
                  | +1 tower shield
 12324 | Orc:1    | You pick up a book of the Warp and begin reading...
 12324 | Orc:1    | You add the spells Dispersal and Disjunction to your
                  | library.
 12573 | Orc:2    | Noticed an orc high priest
 12579 | Orc:2    | Noticed a sun demon
 12584 | Orc:2    | Noticed an orc high priest
 12586 | Orc:2    | Noticed a sun demon
 12796 | Orc:2    | Noticed Josephine
 12803 | Orc:2    | Banished Josephine
 12804 | Orc:2    | Reached skill level 10 in Fighting
 12804 | Orc:2    | Reached skill level 9 in Invocations
 12807 | Orc:2    | Noticed Azrael
 12810 | Orc:2    | Found a radiant altar of Vehumet.
 12811 | Orc:2    | HP: 12/67 [wraith[Josephine] (6)]
 12812 | Orc:2    | HP: 5/67 [wraith[Josephine] (9)]
 12883 | Orc:2    | Reached skill level 9 in Armour
 12909 | Orc:2    | Banished Azrael
 13148 | Orc:2    | Noticed an orc high priest
 13149 | Orc:2    | Noticed Donald
 13296 | Orc:1    | Bought the +10 long sword of the Salmon {pain, rElec} for
                  | 1163 gold pieces
 13300 | Orc:2    | Banished an orc high priest
 13317 | Orc:1    | HP: 2/68 [Donald (28)]
 13317 | Orc:1    | Annihilated by Donald

Vanquished Creatures
  Erolcha (D:11)
  A skeletal warrior (D:11)
  An elephant (D:10)
  Maurice (D:8)
  2 gargoyles
  An unseen horror (D:11)
  2 freezing wraiths (D:11)
  A kobold demonologist (D:9)
  2 trolls
  Grinder (Sewer)
  3 slime creatures (D:12)
  2 meliai zombies (D:10)
  A shadow (D:10)
  5 wraiths
  A vampire (D:8)
  3 wyverns
  4 fire elementals (Orc:2)
  16 yaks
  2 basilisks (D:10)
  3 vampire mosquitoes (D:11)
  A warg (Orc:1)
  2 water moccasins
  2 hell hounds (Orc:2)
  13 orc warriors
  2 black bears
  4 necrophages
  4 ogres
  2 phantoms
  3 kobold brigands
  4 scorpions
  A bullfrog (D:7)
  A gnoll sergeant (D:7)
  A wyvern zombie (D:6)
  A water moccasin skeleton (D:4)
  17 wights
  6 killer bees (D:8)
  3 howler monkeys
  7 centaur zombies
  2 hounds
  A human zombie (D:10)
  20 orc priests
  2 jellies
  Jessica (D:2)
  3 iguanas
  17 orc wizards
  Natasha (thrice) (D:2)
  A howler monkey zombie (D:7)
  A mummy (D:10)
  Robin (D:2)
  9 adders
  13 gnolls
  4 shadow imps (Sewer)
  5 white imps
  2 ufetubi (Sewer)
  An adder zombie (Sewer)
  An adder skeleton (D:4)
  2 worms
  5 dart slugs
  42 orcs
  14 ball pythons
  12 bats
  4 endoplasms
  3 giant cockroaches
  14 goblins
  12 hobgoblins
  4 quokkas
  7 frilled lizards
  39 kobolds
  A kobold zombie (Sewer)
  9 rats
382 creatures vanquished.

Vanquished Creatures (collateral kills)
  A wraith (Orc:2)
1 creature vanquished.

Vanquished Creatures (others)
  An orc warlord (Orc:1)
  A very ugly thing (Orc:1)
  The ghost of Yqeill the Nimble, a journeyman DjFE of Makhleb (Orc:1)
  2 thrashing horrors (Orc:1)
  An ugly thing (Orc:1)
  An apocalypse crab (Orc:1)
  A hellwing (Orc:1)
  An ancient zyme (Orc:1)
  A chaos spawn (Orc:1)
  2 fungi
  6 starspawn tentacles (Orc:1)
18 creatures vanquished.

Grand Total: 401 creatures vanquished

Table legend:
 A = Non-vault XP
 B = Vault XP
 C = Vault XP percentage of total XP
 D = Non-vault monster count
 E = Vault monster count
 F = Vault count percentage of total count
                 A         B        C        D         E       F
            +---------+---------+-------+---------+---------+-------
      Total |   18547 |   11619 |  38.5 |     276 |     113 |  29.0
            +---------+---------+-------+---------+---------+-------
        D:1 |      50 |       0 |   0.0 |      27 |       0 |   0.0
        D:2 |     144 |     108 |  42.9 |      23 |      15 |  39.5
        D:3 |      53 |     139 |  72.4 |      13 |      15 |  53.6
        D:4 |     314 |       0 |   0.0 |      14 |       0 |   0.0
        D:5 |     702 |       0 |   0.0 |      19 |       0 |   0.0
        D:6 |    1715 |       0 |   0.0 |      25 |       0 |   0.0
        D:7 |    1159 |       0 |   0.0 |      34 |       0 |   0.0
        D:8 |    2271 |     469 |  17.1 |      22 |       1 |   4.3
        D:9 |    1564 |       0 |   0.0 |      18 |       0 |   0.0
       D:10 |    1118 |    3475 |  75.7 |      19 |      16 |  45.7
       D:11 |    5812 |     874 |  13.1 |      20 |       1 |   4.8
       D:12 |    1649 |       0 |   0.0 |      10 |       0 |   0.0
       D:13 |     434 |       0 |   0.0 |       1 |       0 |   0.0
      Orc:1 |    1255 |      33 |   2.6 |      30 |       1 |   3.2
      Orc:2 |     307 |    5893 |  95.0 |       1 |      34 |  97.1
      Sewer |       0 |     628 | 100.0 |       0 |      30 | 100.0
            +---------+---------+-------+---------+---------+-------

Illustrated notes

Table legend:
 A = Kills in this place as a percentage of kills in entire the game.
 B = Kills by you in this place as a percentage of kills by you in the entire game.
 C = Kills by friends in this place as a percentage of kills by friends in the entire game.
 D = Other kills in this place as a percentage of other kills in the entire game.
 E = Experience gained in this place as a percentage of experience gained in the entire game.
 F = Experience gained in this place divided by the number of levels of this place that you have seen.
                   A       B       C       D       E      F
               +-------+-------+-------+-------+-------+----------------------
         Total | 100.0 | 100.0 | 100.0 | 100.0 | 100.0 | 1774.5
       Dungeon |  75.3 |  75.9 |   0.0 |  50.0 |  73.1 | 1696.2
  Orcish Mines |  17.0 |  16.2 | 100.0 |  50.0 |  24.8 | 3744.0
         Sewer |   7.7 |   7.9 |   0.0 |   0.0 |   2.1 | 628.0
               +-------+-------+-------+-------+-------+----------------------

Table legend: (Time is in decaauts)
 A = Elapsed time spent in this place.
 B = Non-inter-level travel time spent in this place.
 C = Inter-level travel time spent in this place.
 D = Time resting spent in this place.
 E = Time spent auto-exploring this place.
 F = Levels seen in this place.
 G = Mean time per level.
                   A        B        C        D        E       F      G
               +--------+--------+--------+--------+--------+-----+--------+
         Total |  13349 |  12826 |    523 |    388 |   9216 |  17 |  785.2 |
       Dungeon |  10587 |  10100 |    487 |    160 |   7758 |  13 |  814.4 |
  Orcish Mines |   1986 |   1951 |     35 |    199 |   1095 |   2 |  993.0 |
         Abyss |    242 |    242 |      0 |      0 |    114 |   1 |  242.0 |
         Sewer |    533 |    533 |      0 |     29 |    248 |   1 |  533.0 |
               +--------+--------+--------+--------+--------+-----+--------+

Top non-repeatable levels by time:
    D:11: 1328 daAuts
   Orc:1: 1157 daAuts
     D:3: 1141 daAuts
     D:8: 1000 daAuts
     D:7: 977 daAuts
     D:1: 968 daAuts
    D:10: 884 daAuts
   Orc:2: 828 daAuts
     D:6: 795 daAuts
    D:12: 795 daAuts
     D:5: 724 daAuts
     D:2: 667 daAuts
     D:4: 636 daAuts
     D:9: 572 daAuts
   Sewer: 533 daAuts
